 Dungeon Sprint DCSS version 0.29-a0-337-g68df138881 (webtiles) character file.

Game seed: 2249782399329379748

273172 mhtbhm the Conqueror (level 18, -4/145 HPs)
             Began as a Gargoyle Berserker on Apr 16, 2022.
             Was the Champion of Trog.
             Killed from afar by a red draconian scorcher (20 damage)
             ... with a searing blast
             ... in the Dungeon (Sprint IX: "|||||||||||||||||||||||||||||").
             The game lasted 00:20:07 (7839 turns).

mhtbhm the Conqueror (Gargoyle Berserker)           Turns: 7839, Time: 00:20:07

Health: -4/145     AC: 65    Str: 32    XL:     18   Next: 53%
Magic:  18/18      EV: 12    Int:  8    God:    Trog [******]
Gold:   206        SH:  0    Dex:  5    Spells: 17/17 levels left

rFire   + . .      SeeInvis +   a - +12 great mace of Uvuceschy {vorpal, rPois rC+}
rCold   + + +      Faith    .   (shield currently unavailable)
rNeg    + + .      Spirit   .   b - +10 gold dragon scales
rPois   ∞          Reflect  .   T - +0 helmet {SInv}
rElec   +          Harm     .   l - +2 cloak
rCorr   .          Rampage  .   k - +0 pair of gloves {Str+3}
Will    +....      NoTele   +   t - +0 pair of boots
Stlth   ..........              y - amulet of regeneration
HPRegen 1.14/turn               M - +4 ring of protection
MPRegen 0.16/turn               R - ring of Prescription {rElec rC+ rN+ Dex-4 Slay+3}

@: on berserk cooldown, flying, slowed, very slow
A: sickness immunity, AC +13, big wings, negative energy resistance 1,
electricity resistance, torment resistance 1, petrification resistance
}: 5/17 runes: decaying, serpentine, barnacled, silver, gossamer
a: Renounce Religion, Berserk, Trog's Hand, Brothers in Arms


You were in the Dungeon.
You worshipped Trog.
Trog was exalted by your worship.
You visited 1 branch You collected 1907 gold pieces.
You spent 1701 gold pieces at shops.

Inventory:

Hand Weapons
 a - the +12 great mace of Uvuceschy (weapon) {vorpal, rPois rC+}
   (Trog gifted it to you in the Dungeon)

   It inflicts extra damage upon your enemies.
   rC:        It protects you from cold.
   rPois:     It protects you from poison.
 D - the +7 lajatang of Order {silver, rMut}
   (Trog gifted it to you in the Dungeon)

   It inflicts extra damage upon those it strikes, and deals substantially
   increased damage to chaotic, mutated and magically transformed beings.
   rMut:      It protects you from mutation.
 E - a +3 triple sword of holy wrath
 I - a +8 trishula of holy wrath
 O - the +11 great mace of Sapu {flame, *Noise rElec rC+ Str+2}
   (Trog gifted it to you in the Dungeon)

   It burns those it strikes, dealing additional fire damage.
   Str:       It affects your strength (+2).
   rC:        It protects you from cold.
   rElec:     It insulates you from electricity.
   *Noise:    It may make noises in combat.
Missiles
 u - 4 throwing nets
 w - 5 curare-tipped darts
 G - 7 javelins (quivered)
Armour
 b - +10 gold dragon scales (worn)
 k - a +0 pair of gloves of strength (worn)
 l - a +2 cloak (worn)
 t - a +0 pair of boots (worn)
 J - a +5 tower shield
 T - a +0 helmet of see invisible (worn)
Jewellery
 n - a ring of willpower
 y - an amulet of regeneration (around neck)
 z - a ring of see invisible
 A - a +4 ring of protection
 C - a ring of protection from cold
 F - the ring "Poshou" {rF+ Will+ Int+4 Dex-2}
   (You found it in the Dungeon)

   [ring of willpower]

   Int:       It affects your intelligence (+4).
   Dex:       It affects your dexterity (-2).
   rF:        It protects you from fire.
   Will:      It increases your willpower.
 M - a +4 ring of protection (left hand)
 N - a ring of fire
 P - the amulet of Dishonour {Faith Drain *Slow rF+++ Stlth+}
   (You found it in the Dungeon)

   [amulet of faith]

   It allows you to gain divine favour quickly.
   rF:        It renders you almost immune to fire.
   Drain:     It drains your maximum health when unequipped.
   *Slow:     It may slow you when you take damage.
   Stlth:     It makes you more stealthy.
 R - the ring of Prescription (right hand) {rElec rC+ rN+ Dex-4 Slay+3}
   (You found it in the Dungeon)

   [ring of slaying]

   Dex:       It affects your dexterity (-4).
   Slay:      It affects your accuracy & damage with ranged weapons and melee
   (+3).
   rC:        It protects you from cold.
   rElec:     It insulates you from electricity.
   rN:        It protects you from negative energy.
 S - the ring of Xom's Whimsicality {rElec rC+ Int+5 Dex-2}
   (You found it in the Dungeon)

   [ring of protection from cold]

   Int:       It affects your intelligence (+5).
   Dex:       It affects your dexterity (-2).
   rC:        It protects you from cold.
   rElec:     It insulates you from electricity.
Wands
 H - a wand of digging (14)
Scrolls
 h - 7 scrolls of blinking
 j - a scroll of summoning
 p - 5 scrolls of identify
 q - 3 scrolls of fear
 s - 3 scrolls of fog
Potions
 c - 12 potions of curing
 d - 10 potions of heal wounds
 e - 9 potions of haste
 f - 10 potions of magic
 g - 2 potions of berserk rage
 i - 2 potions of invisibility
 o - 6 potions of mutation
 x - a potion of cancellation
 B - 3 potions of might
 K - 3 potions of resistance
Miscellaneous
 m - a condenser vane


   Skills:
 O Level 27 Fighting
 O Level 27 Maces & Flails
 * Level 15.5 Polearms
 + Level 7.5 Throwing
 O Level 27 Armour
 + Level 24.1 Dodging
 + Level 7.2 Stealth
 * Level 21.3 Shields
 + Level 7.1 Unarmed Combat
 + Level 13.1 Evocations


You had 17 spell levels left.
You didn't know any spells.
Your spell library was empty.

Dungeon Overview and Level Annotations

Branches:
Dungeon (1/1)

Altars:
Cheibriados
Dithmenos
Elyvilon
Fedhas
Gozag
Hepliaklqana
Kikubaaqudgha
Makhleb
Nemelex Xobeh
Okawaru
Qazlal
Ru
Sif Muna
Trog
Uskayaw
Vehumet
Wu Jian
Xom
Yredelemnul
Zin
The Shining One
Beogh
Jiyva
Lugonu

Shops:
D (=(


Innate Abilities, Weirdness & Mutations

You are immune to sickness and miasma.
Your stone body is resilient. (AC +13)
You are immune to poison.
Your large and strong wings let you fly.
You resist negative energy. (rN+)
You are resistant to electric shocks. (rElec)
You are resistant to unholy torment.
You are immune to petrification.


Message History

You bludgeon the green draconian monk!!
The green draconian monk is heavily wounded.
The green draconian monk hits you but does no damage.
The green draconian monk kicks you but does no damage.
The green draconian monk tail-slaps you but does no damage. x2
The moth of wrath angrily waves its antennae.
The green draconian monk hits you.
The green draconian monk kicks you but does no damage.
The green draconian monk tail-slaps you but does no damage. x2
You miss the green draconian monk.
The green draconian monk is moderately wounded.
The green draconian monk hits you.
The green draconian monk completely misses you.
The green draconian monk tail-slaps you but does no damage. x2
Unknown command.
You beat the green draconian monk like a drum!!!
The green draconian monk is severely wounded.
The green draconian monk hits you! The green draconian monk kicks you!!
The green draconian monk tail-slaps you but does no damage. x2
The green draconian monk hits you!!
The green draconian monk kicks you but does no damage.
The green draconian monk tail-slaps you but does no damage. x2
You hammer the green draconian monk like a gong!!!
The green draconian monk is almost dead.
The green draconian monk hits you but does no damage.
The green draconian monk kicks you!
The green draconian monk closely misses you.
The green draconian monk tail-slaps you but does no damage.
Unknown command.
You flatten the green draconian monk like a pancake!!!
You kill the green draconian monk!
Trog accepts your kill.
The red draconian scorcher points at you and mumbles some strange words.
The sphere of damnation explodes!
The damnation engulfs you!!!
* * * LOW HITPOINT WARNING * * *
The red draconian scorcher breathes fire at you.
The searing blast hits you but does no damage.
The red draconian scorcher breathes fire at you.
The searing blast hits you!! You resist.
You die...

...▓...▓...▓...▓
.▓.▓.▓.▓.▓.▓.▓.▓
.▓.▓.▓.▓.▓.▓.▓.▓
.▓.▓.▓.▓'▓.▓.▓.▓
.▓.▓'▓.▓.▓.▓.▓.▓+▓
.▓.▓.▓.▓.▓.▓.▓.▓.▓
.▓.▓.▓[▓)▓.▓'▓.▓y▓
.▓.▓.▓.▓.▓.▓.▓.▓q▓
.▓.▓.▓.▓|▓.▓.▓.▓@▓
.▓.▓.▓.▓[▓.▓.▓.▓)▓
'▓.▓.▓.▓|▓.▓.▓.▓[▓
.▓.▓.▓.▓.▓.▓.▓.▓)▓
.▓.▓.▓.▓[▓.▓.▓.▓§▓
.▓)▓)▓.▓)▓.▓.▓.▓)▓
.▓.▓)▓.▓(▓.▓.▓.▓'▓
.▓.▓)▓!▓.▓.▓.▓.▓.▓
.▓.▓)▓.▓.▓.▓.▓.▓[▓


You could see a red draconian scorcher (catching breath) and a moth of wrath.

Vanquished Creatures
  4 ancient liches (D)
  An orb of fire (D)
  Mennas (D)
  Mara (D)
  Frederick (D)
  Xtahua (D)
  A curse toe (D)
  A golden dragon (D)
  Nikola (D)
  A bone dragon (D)
  Jory (D)
  An electric golem (D)
  Rupert (D)
  A tentacled monstrosity (D)
  A death cob (D)
  Gastronok (D)
  7 shadow dragons (D)
  Kirke (D)
  2 sphinxes (D)
  A tengu reaver (D)
  4 storm dragons (D)
  Frances (D)
  2 draconian knights (D)
  2 draconian monks (D)
  5 nagarajas (D)
  2 fire giants (D)
  Ilsuiw (D)
  5 emperor scorpions (D)
  2 frost giants (D)
  3 vault wardens (D)
  Louise (D)
  4 ghost moths (D)
  A very ugly thing (D)
  3 draconian stormcallers (D)
  A spriggan defender (D)
  5 stone giants (D)
  2 war gargoyles (D)
  5 ironbound preservers (D)
  2 ironbound thunderhulks (D)
  2 black draconians (D)
  2 green draconians (D)
  2 red draconians (D)
  2 yellow draconians (D)
  Azrael (D)
  6 white draconians (D)
  2 entropy weavers (D)
  An eleionoma (D)
  2 spark wasps (D)
  2 purple draconians (D)
  4 merfolk javelineers (D)
  An ettin (D)
  2 merfolk impalers (D)
  Harold (D)
  2 fire dragons (D)
  2 great orbs of eyes (D)
  25 vault guards (D)
  A peacekeeper (D)
  2 boulder beetles (D)
  6 hydras (D)
  2 ice dragons (D)
  An ogre mage (D)
  An ironbound frostheart (D)
  An anaconda (D)
  A spriggan air mage (D)
  A two-headed ogre (D)
  2 ghost crabs (D)
  A satyr (D)
  An alligator (D)
  A catoblepas (D)
  2 naga warriors (D)
  5 merfolk aquamancers (D)
  2 deep troll earth magi (D)
  A deep troll shaman (D)
  2 tengu warriors (D)
  An orc high priest (D)
  2 shock serpents (D)
  2 spriggan berserkers (D)
  Sonja (D)
  A pharaoh ant (D)
  7 swamp dragons (D)
  A spriggan druid (D)
  2 phantasmal warriors (D)
  3 ironbound convokers (D)
  A deep elf pyromancer (D)
  4 wizards (D)
  11 orc knights (D)
  A necromancer (D)
  A mana viper (D)
  A salamander (D)
  2 wolf spiders (D)
  A cyclops (D)
  An ugly thing (D)
  2 manticores (D)
  2 guardian serpents (D)
  6 naga magi (D)
  9 moths of wrath (D)
  A merfolk siren (D)
  4 cane toads (D)
  A torpor snail (D)
  2 vault sentinels (D)
  A yaktaur (D)
  2 rime drakes (D)
  A demonic crawler (D)
  A kobold demonologist (D)
  2 komodo dragons (D)
  A freezing wraith (D)
  A merfolk (D)
  A troll (D)
  A hornet (D)
  2 tyrant leeches (D)
  2 blink frogs (D)
  4 polar bears (D)
  3 slime creatures (D)
  A snapping turtle (D)
  3 yaks (D)
  A water elemental (D)
  A hog (D)
  4 fire elementals (D)
  A basilisk (D)
  2 redbacks (D)
  2 nagas (D)
  2 water moccasins (D)
  An acid dragon (D)
  2 hell hounds (D)
  7 orc warriors (D)
  5 black bears (D)
  A centaur (D)
  2 bullfrogs (D)
  A scorpion (D)
  A hound (D)
  2 orc priests (D)
  5 orc wizards (D)
  A shadow imp (D)
  A white imp (D)
  8 orcs (D)
  A giant cockroach (D)
  3 goblins (D)
  A kobold (D)
324 creatures vanquished.

Vanquished Creatures (collateral kills)
  A fire giant (D)
  A very ugly thing (D)
  2 stone giants (D)
  2 ettins (D)
  A fire dragon (D)
  A merfolk javelineer (D)
  A merfolk impaler (D)
  An ice dragon (D)
  A rakshasa (D)
  A spriggan air mage (D)
  A merfolk aquamancer (D)
  2 tengu warriors (D)
  A glowing orange brain (D)
  An orc knight (D)
  A wizard (D)
  An ugly thing (D)
  A cyclops (D)
  3 orc warriors (D)
  An orc priest (D)
24 creatures vanquished.

Vanquished Creatures (others)
  2 goliath frogs (D)
  A hornet (D)
  A blink frog (D)
  A spriggan (D)
5 creatures vanquished.

Grand Total: 353 creatures vanquished

Notes
Turn   | Place    | Note
-------+----------+-------------------------------------------
     0 | D        | mhtbhm the Gargoyle Berserker began the quest for the Orb.
     0 | D        | Reached XP level 1. HP: 14/14 MP: 1/1
    18 | D        | Reached ** piety under Trog
   147 | D        | Noticed a water moccasin
   147 | D        | Noticed a scorpion
   147 | D        | Noticed a hound
   152 | D        | Reached XP level 2. HP: 18/20 MP: 2/2
   155 | D        | Reached *** piety under Trog
   156 | D        | Reached skill level 5 in Fighting
   156 | D        | Reached skill level 5 in Maces & Flails
   156 | D        | Reached XP level 3. HP: 23/27 MP: 3/3
   158 | D        | Killed a scorpion
   159 | D        | Reached XP level 4. HP: 25/32 MP: 4/4
   164 | D        | Killed a water moccasin
   165 | D        | Reached XP level 5. HP: 20/40 MP: 5/5
   170 | D        | Found a snail-covered altar of Cheibriados.
   170 | D        | Found a shadowy altar of Dithmenos.
   170 | D        | Found a white marble altar of Elyvilon.
   170 | D        | Found a blossoming altar of Fedhas.
   170 | D        | Found an opulent altar of Gozag.
   171 | D        | Found a hazy altar of Hepliaklqana.
   172 | D        | Found a viscous altar of Jiyva.
   173 | D        | Found an ancient bone altar of Kikubaaqudgha.
   174 | D        | Found a corrupted altar of Lugonu.
   175 | D        | Found a burning altar of Makhleb.
   176 | D        | Found a sparkling altar of Nemelex Xobeh.
   177 | D        | Found an iron altar of Okawaru.
   178 | D        | Found a stormy altar of Qazlal.
   179 | D        | Found a sacrificial altar of Ru.
   180 | D        | Found a shimmering blue altar of Sif Muna.
   181 | D        | Found a bloodstained altar of Trog.
   182 | D        | Found a hide-covered altar of Uskayaw.
   183 | D        | Found a radiant altar of Vehumet.
   184 | D        | Found an ornate altar of the Wu Jian Council.
   185 | D        | Found a shimmering altar of Xom.
   186 | D        | Found a basalt altar of Yredelemnul.
   187 | D        | Found a glowing silver altar of Zin.
   188 | D        | Found a glowing golden altar of the Shining One.
   359 | D        | Noticed a yak
   359 | D        | Noticed a yak
   359 | D        | Noticed a centaur
   359 | D        | Noticed a hornet
   359 | D        | Noticed a two-headed ogre
   359 | D        | Noticed a yak
   363 | D        | Killed a yak
   363 | D        | Reached **** piety under Trog
   364 | D        | Reached skill level 10 in Fighting
   364 | D        | Reached XP level 6. HP: 48/48 MP: 6/6
   369 | D        | Killed a two-headed ogre
   370 | D        | Reached skill level 5 in Armour
   370 | D        | Reached skill level 5 in Dodging
   370 | D        | Reached XP level 7. HP: 55/55 MP: 7/7
   370 | D        | Reached XP level 8. HP: 60/60 MP: 8/8
   370 | D        | Killed a hornet
   379 | D        | Killed a yak
   382 | D        | Killed a yak
   382 | D        | Reached ***** piety under Trog
   383 | D        | Reached skill level 1 in Stealth
   446 | D        | Noticed a boulder beetle
   446 | D        | Noticed a boulder beetle
   446 | D        | Noticed a slime creature
   446 | D        | Noticed a kobold demonologist
   446 | D        | Noticed a troll
   446 | D        | Noticed a deep elf pyromancer
   449 | D        | Killed a deep elf pyromancer
   450 | D        | Reached XP level 9. HP: 68/68 MP: 9/9
   453 | D        | Killed a troll
   458 | D        | Killed a kobold demonologist
   458 | D        | Received a gift from Trog
   610 | D        | Killed a boulder beetle
   611 | D        | Reached skill level 15 in Maces & Flails
   619 | D        | Killed a boulder beetle
   620 | D        | Reached skill level 15 in Fighting
   620 | D        | Reached XP level 10. HP: 76/76 MP: 10/10
   791 | D        | Noticed a cane toad
   791 | D        | Noticed a cane toad
   802 | D        | Killed a cane toad
   806 | D        | Killed a cane toad
   813 | D        | Identified the +11 great mace of Wonderful Melee {vorpal,
                  | Dex+4} (Trog gifted it to you in the Dungeon)
   813 | D        | Received a gift from Trog
   988 | D        | Noticed a six-headed hydra
   988 | D        | Noticed a catoblepas
   993 | D        | Noticed a cane toad
   997 | D        | Reached skill level 10 in Armour
   999 | D        | Noticed a cane toad
   999 | D        | Killed a catoblepas
  1000 | D        | Reached XP level 11. HP: 56/84 MP: 11/11
  1004 | D        | Killed a six-headed hydra
  1004 | D        | Reached ****** piety under Trog
  1011 | D        | Received a gift from Trog
  1222 | D        | Reached skill level 5 in Stealth
  1232 | D        | Received a gift from Trog
  1269 | D        | Noticed Harold
  1277 | D        | Killed Harold
  1280 | D        | Noticed Gastronok
  1293 | D        | Killed Gastronok
  1330 | D        | Noticed Sonja
  1362 | D        | Killed Sonja
  1362 | D        | Received a gift from Trog
  1582 | D        | Identified the +7 short sword of Qoost {vorpal, *Slow rN+
                  | Dex+3} (Trog gifted it to you in the Dungeon)
  1582 | D        | Received a gift from Trog
  1599 | D        | Received a gift from Trog
  1730 | D        | Noticed an orc knight
  1730 | D        | Noticed an orc knight
  1730 | D        | Noticed an orc high priest
  1736 | D        | Killed an orc high priest
  1743 | D        | Killed an orc knight
  1751 | D        | Killed an orc knight
  1752 | D        | Reached XP level 12. HP: 8/92 MP: 12/12
  1756 | D        | Received a gift from Trog
  2226 | D        | Found Nonohiyrghe's Distillery.
  2235 | D        | Received a gift from Trog
  2238 | D        | Found Teaff's Weapon Shop.
  2589 | D        | Received a gift from Trog
  2808 | D        | Found Sohavar's Jewellery Boutique.
  2812 | D        | Found Lerrues's Weapon Shop.
  2842 | D        | Bought a potion of curing for 30 gold pieces
  2842 | D        | Bought a potion of invisibility for 80 gold pieces
  2842 | D        | Bought a potion of mutation for 80 gold pieces
  2842 | D        | Bought a potion of haste for 100 gold pieces
  2842 | D        | Bought a potion of heal wounds for 50 gold pieces
  2842 | D        | Bought a potion of mutation for 80 gold pieces
  2842 | D        | Bought a potion of magic for 80 gold pieces
  2842 | D        | Bought a potion of curing for 30 gold pieces
  2842 | D        | Bought 2 potions of haste for 200 gold pieces
  2842 | D        | Bought a potion of cancellation for 80 gold pieces
  2846 | D        | Bought an amulet of regeneration for 330 gold pieces
  2851 | D        | Bought a ring of see invisible for 165 gold pieces
  2851 | D        | Bought a +4 ring of protection for 396 gold pieces
  3029 | D        | Noticed an ogre mage
  3036 | D        | Killed an ogre mage
  3038 | D        | Identified the +12 great mace of Uvuceschy {vorpal, rPois
                  | rC+} (Trog gifted it to you in the Dungeon)
  3038 | D        | Received a gift from Trog
  3042 | D        | Noticed a fire giant
  3048 | D        | Noticed a rakshasa
  3052 | D        | Noticed a stone giant
  3062 | D        | Received a gift from Trog
  3063 | D        | Killed a fire giant
  3067 | D        | Noticed a fire giant
  3069 | D        | Noticed a fire dragon
  3074 | D        | Noticed a frost giant
  3079 | D        | Killed a stone giant
  3080 | D        | Reached skill level 1 in Evocations
  3080 | D        | Reached XP level 13. HP: 32/101 MP: 13/13
  3081 | D        | Killed a rakshasa
  3158 | D        | Killed a fire dragon
  3159 | D        | Reached skill level 15 in Armour
  3163 | D        | Killed a fire giant
  3203 | D        | Killed a frost giant
  3203 | D        | Received a gift from Trog
  3203 | D        | Found the +7 lajatang of Order {silver, rMut}
  3297 | D        | Noticed Rupert
  3309 | D        | Killed Rupert
  3449 | D        | Noticed Azrael
  3464 | D        | Killed Azrael
  3465 | D        | Received a gift from Trog
  3480 | D        | Noticed Frances
  3493 | D        | Killed Frances
  3612 | D        | Noticed a nagaraja
  3619 | D        | Killed a nagaraja
  3623 | D        | Received a gift from Trog
  3635 | D        | Received a gift from Trog
  3683 | D        | Received a gift from Trog
  3683 | D        | Noticed a merfolk javelineer
  3696 | D        | Killed a merfolk javelineer
  3740 | D        | Noticed an eleionoma
  3743 | D        | Received a gift from Trog
  3749 | D        | Killed an eleionoma
  3750 | D        | Gained mutation: Your large and strong wings let you fly.
                  | [Gargoyle growth]
  3750 | D        | Reached XP level 14. HP: 112/112 MP: 14/14
  3887 | D        | Noticed an entropy weaver
  3887 | D        | Noticed an entropy weaver
  3905 | D        | Received a gift from Trog
  3910 | D        | Killed an entropy weaver
  3913 | D        | Killed an entropy weaver
  3974 | D        | Killed a ghost moth
  3981 | D        | Killed a ghost moth
  3981 | D        | Received a gift from Trog
  4155 | D        | Noticed Kirke
  4178 | D        | Killed Kirke
  4179 | D        | Reached skill level 1 in Unarmed Combat
  4255 | D        | Noticed a spriggan defender
  4261 | D        | Killed a spriggan defender
  4263 | D        | Received a gift from Trog
  4264 | D        | Noticed a purple very ugly thing
  4271 | D        | Noticed a green very ugly thing
  4279 | D        | Killed a purple very ugly thing
  4279 | D        | Received a gift from Trog
  4290 | D        | Killed a green very ugly thing
  4294 | D        | Noticed a stone giant
  4304 | D        | Killed a stone giant
  4312 | D        | Received a gift from Trog
  4627 | D        | Reached skill level 5 in Unarmed Combat
  4653 | D        | Noticed a vault warden
  4653 | D        | Noticed an ironbound thunderhulk
  4653 | D        | Noticed an ironbound preserver
  4653 | D        | Noticed an ironbound thunderhulk
  4658 | D        | Killed an ironbound thunderhulk
  4665 | D        | Killed an ironbound preserver
  4665 | D        | Received a gift from Trog
  4669 | D        | Killed a vault warden
  4674 | D        | Killed an ironbound thunderhulk
  4675 | D        | Noticed an ironbound preserver
  4677 | D        | Received a gift from Trog
  4678 | D        | Reached XP level 15. HP: 103/124 MP: 15/15
  4684 | D        | Received a gift from Trog
  4699 | D        | Received a gift from Trog
  4700 | D        | Noticed a vault warden
  4718 | D        | Killed a vault warden
  4718 | D        | Received a gift from Trog
  4841 | D        | Noticed Mennas
  4861 | D        | Killed Mennas
  4861 | D        | Received a gift from Trog
  4900 | D        | Noticed Louise
  4909 | D        | Killed Louise
  4910 | D        | Reached skill level 27 in Fighting
  5084 | D        | Noticed Frederick
  5101 | D        | Killed Frederick
  5190 | D        | Noticed an emperor scorpion
  5190 | D        | Noticed an emperor scorpion
  5200 | D        | Killed an emperor scorpion
  5201 | D        | Noticed an emperor scorpion
  5203 | D        | Received a gift from Trog
  5205 | D        | Noticed an emperor scorpion
  5212 | D        | Killed an emperor scorpion
  5213 | D        | Reached skill level 27 in Maces & Flails
  5213 | D        | Noticed an emperor scorpion
  5216 | D        | Killed a ghost moth
  5216 | D        | Identified the +11 great mace of Sapu {flame, *Noise rElec
                  | rC+ Str+2} (Trog gifted it to you in the Dungeon)
  5216 | D        | Received a gift from Trog
  5222 | D        | Killed an emperor scorpion
  5226 | D        | Killed an emperor scorpion
  5230 | D        | Killed an emperor scorpion
  5235 | D        | Got a gossamer rune of Zot
  5236 | D        | Killed a ghost moth
  5237 | D        | Reached skill level 10 in Dodging
  5294 | D        | Noticed Ilsuiw
  5313 | D        | Received a gift from Trog
  5322 | D        | Received a gift from Trog
  5339 | D        | Killed Ilsuiw
  5339 | D        | Received a gift from Trog
  5363 | D        | Got a barnacled rune of Zot
  5430 | D        | Reached XP level 16. HP: 125/133 MP: 16/16
  5445 | D        | Received a gift from Trog
  5456 | D        | Reached skill level 27 in Armour
  5462 | D        | Got a decaying rune of Zot
  5482 | D        | Noticed a nagaraja
  5485 | D        | Received a gift from Trog
  5486 | D        | Noticed a nagaraja
  5497 | D        | Received a gift from Trog
  5501 | D        | Killed a nagaraja
  5502 | D        | Noticed a nagaraja
  5506 | D        | Killed a nagaraja
  5512 | D        | Received a gift from Trog
  5514 | D        | Killed a nagaraja
  5514 | D        | Noticed a nagaraja
  5522 | D        | Received a gift from Trog
  5532 | D        | Killed a nagaraja
  5565 | D        | Got a serpentine rune of Zot
  5677 | D        | Noticed Xtahua
  5681 | D        | Paralysed by Xtahua for 7 turns
  5692 | D        | Killed Xtahua
  5693 | D        | Reached skill level 15 in Dodging
  5780 | D        | Noticed Mara
  5793 | D        | Noticed mhtbhm's illusion
  5814 | D        | Noticed mhtbhm's illusion
  5816 | D        | Killed Mara
  5898 | D        | Identified the +6 dagger of Defilement {vorpal, rCorr}
                  | (Trog gifted it to you in the Dungeon)
  5898 | D        | Received a gift from Trog
  5940 | D        | Received a gift from Trog
  5968 | D        | Received a gift from Trog
  5992 | D        | Received a gift from Trog
  6081 | D        | Noticed an ancient lich
  6081 | D        | Noticed a tengu reaver
  6081 | D        | Noticed a sphinx
  6086 | D        | Killed a sphinx
  6089 | D        | Received a gift from Trog
  6092 | D        | Killed an ancient lich
  6093 | D        | Reached XP level 17. HP: 139/139 MP: 17/17
  6108 | D        | Received a gift from Trog
  6117 | D        | Noticed a sphinx
  6132 | D        | Reached skill level 1 in Throwing
  6132 | D        | Reached skill level 5 in Evocations
  6144 | D        | Killed a sphinx
  6147 | D        | Received a gift from Trog
  6296 | D        | Noticed an ancient lich
  6301 | D        | Noticed an ancient lich
  6305 | D        | Killed an ancient lich
  6321 | D        | Noticed an ancient lich
  6490 | D        | Killed an ancient lich
  6511 | D        | Killed an ancient lich
  6511 | D        | Received a gift from Trog
  6512 | D        | Reached skill level 5 in Throwing
  6682 | D        | Received a gift from Trog
  6683 | D        | Reached skill level 10 in Shields
  6707 | D        | Got a silver rune of Zot
  6744 | D        | Noticed Nikola
  6752 | D        | Killed Nikola
  6784 | D        | Noticed Jory
  6796 | D        | Killed Jory
  6882 | D        | Got the ring "Poshou" {rF+ Will+ Int+4 Dex-2}
  6884 | D        | Got the amulet of Dishonour {Faith Drain *Slow rF+++
                  | Stlth+}
  6886 | D        | Got the ring "Utoezuts" {Int+3 Dex+2 Slay+3}
  6888 | D        | Got the ring of Prescription {rElec rC+ rN+ Dex-4 Slay+3}
  6890 | D        | Got the ring of Xom's Whimsicality {rElec rC+ Int+5 Dex-2}
  7109 | D        | Reached skill level 1 in Polearms
  7115 | D        | Received a gift from Trog
  7131 | D        | Reached skill level 5 in Polearms
  7191 | D        | Noticed a bone dragon
  7198 | D        | Killed a bone dragon
  7206 | D        | Received a gift from Trog
  7210 | D        | Reached skill level 15 in Shields
  7238 | D        | Received a gift from Trog
  7244 | D        | Reached XP level 18. HP: 129/145 MP: 18/18
  7378 | D        | Noticed a tentacled monstrosity
  7387 | D        | Reached skill level 10 in Polearms
  7395 | D        | Killed a tentacled monstrosity
  7400 | D        | Received a gift from Trog
  7488 | D        | Received a gift from Trog
  7542 | D        | Noticed an orb of fire
  7542 | D        | Noticed a golden dragon
  7542 | D        | Noticed an electric golem
  7545 | D        | Noticed a curse toe
  7556 | D        | Killed an orb of fire
  7561 | D        | Received a gift from Trog
  7635 | D        | Killed a golden dragon
  7641 | D        | Killed an electric golem
  7644 | D        | Killed a curse toe
  7817 | D        | Reached skill level 15 in Polearms
  7830 | D        | Received a gift from Trog
  7839 | D        | Killed from afar by a red draconian scorcher

Illustrated notes

Levels and vault maps discovered:
D:        linesprint [early_d, line_temple, items_1, d_10, items_2, lair_1,
          lair_end, items_3, orc_1, orc_end, items_4, d_15, swamp_1, shoals_1,
          snake_1, spider_1, d_20, vaults_1, items_5, swamp_end, shoals_end,
          snake_end, spider_end, vaults_end, d_27, items_6, zot_1, zot_end,
          crypt_end, forest_end, elf_end, slime_end, tomb_end, abyss_end,
          pan_hell_end]

Skill      XL: |  1  2  3  4  5  6  7  8  9 10 11 12 13 14 15 16 17 18 |
---------------+-------------------------------------------------------+-----
Fighting       | 4 5 6 8 10 11 13 15 16 17 20 22 25 27 | 27.0
Maces & Flails | 4 5 6 8 9 11 13 15 17 19 21 23 25 27 | 27.0
Dodging        | 2 3 4 5 6 7 8 10 21 23 24 | 24.1
Armour         | 3 4 5 6 8 10 11 14 17 20 25 27 | 27.0
Stealth        | 1 2 7 |  7.2
Evocations     | 1 3 4 12 13 | 13.1
Unarmed Combat | 5 7 |  7.1
Throwing       | 5 7 |  7.5
Shields        | 16 21 | 21.3
Polearms       | 9 15 | 15.5

Action                   |  1- 3 |  4- 6 |  7- 9 | 10-12 | 13-15 | 16-18 || total
-------------------------+-------+-------+-------+-------+-------+-------++-------
Melee: Mace              |    30 |     5 |       |       |       |       ||    35
       Dire flail        |       |     8 |    40 |    34 |       |       ||    82
       Great mace        |       |       |       |   176 |   361 |   517 ||  1054
       Unarmed           |       |       |       |       |    18 |       ||    18
Throw: Javelin           |       |       |       |       |       |     6 ||     6
Invok: Berserk           |     1 |     1 |     2 |     4 |    11 |    12 ||    31
       Brothers in Arms  |       |       |       |     4 |     3 |     3 ||    10
       Trog's Hand       |       |       |       |       |       |     1 ||     1
Evoke: Wand              |       |       |       |     5 |     1 |     4 ||    10
  Use: Scroll            |       |       |       |     2 |       |    19 ||    21
       Potion            |       |       |       |       |     4 |     1 ||     5
 Stab: Petrified         |       |       |       |     7 |       |       ||     7
Armor: Animal skin       |     5 |       |       |       |       |       ||     5
       Chain mail        |       |     2 |    10 |    66 |       |       ||    78
       Plate armour      |       |       |       |    17 |   152 |       ||   169
       Gold dragon scale |       |       |       |       |    94 |   396 ||   490
Dodge: Dodged            |    13 |     5 |     4 |    85 |   107 |   188 ||   402

Table legend: (Time is in decaauts)
 A = Elapsed time spent in this place.
 B = Non-inter-level travel time spent in this place.
 C = Inter-level travel time spent in this place.
 D = Time resting spent in this place.
 E = Time spent auto-exploring this place.
 F = Levels seen in this place.
 G = Mean time per level.
                   A        B        C        D        E       F      G
               +--------+--------+--------+--------+--------+-----+--------+
         Total |   7685 |   7685 |      0 |   3192 |    592 |   1 | 7685.0 |
       Dungeon |   7685 |   7685 |      0 |   3192 |    592 |   1 | 7685.0 |
               +--------+--------+--------+--------+--------+-----+--------+

Top non-repeatable levels by time:
       D: 7685 daAuts
